 Dungeon Crawl Stone Soup version 0.27-a0-1105-g946c659c87 (webtiles) character file.

Game seed: 1534733779548704583

53267 DogServant the Carver (level 14, 0/124 HPs)
             Began as a Pale Draconian Ice Elementalist on Apr 30, 2021.
             Was the Champion of Okawaru.
             Slain by an orc knight
             ... wielding a +0 great mace
              (15 damage)
             ... on level 2 of the Orcish Mines.
             The game lasted 01:19:54 (25577 turns).

DogServant the Carver (DrIE)                       Turns: 25577, Time: 01:19:54

Health: 0/124      AC: 22    Str: 14    XL:     14   Next: 30%
Magic:  18/20      EV: 22    Int: 18    God:    Okawaru [******]
Gold:   597        SH:  5    Dex: 19    Spells: 3/21 levels left

rFire    . . .     SeeInvis +   H - +3 scimitar (flame)
rCold    . . .     Faith    .   (no shield)
rNeg     . . .     Spirit   .   (armour unavailable)
rPois    +         Reflect  +   P - +0 mask of the Dragon {Will+ Slay+3 SInv}
rElec    .         Harm     .   v - +1 cloak of Starlight {*Dazzle EV+4 Stlth--}
rCorr    .         Rampage  .   x - +2 pair of gloves
Will     ++...                  c - +1 pair of boots of Honesty {Fly Str+2}
Stlth    +.........             d - amulet of reflection
HPRegen  0.30/turn              Y - +6 ring of dexterity
MPRegen  0.17/turn              J - ring of poison resistance

@: ice-armoured, short of breath, flying
A: breathe steam, AC +8, unfitting armour, cold-blooded, steam resistance
a: Breathe Steam, Renounce Religion, Heroism, Finesse


You were on level 2 of the Orcish Mines.
You worshipped Okawaru.
Okawaru was exalted by your worship.
You visited 4 branches of the dungeon, and saw 20 of its levels.

You collected 1432 gold pieces.
You spent 835 gold pieces at shops.

Inventory:

Hand Weapons
 H - a +3 scimitar of flaming (weapon)
 R - the +4 great sword of Summer {flame, rCorr Str+4}
   (Okawaru gifted it to you on level 3 of the Lair of Beasts)

   It has been specially enchanted to burn those struck by it, causing extra
   injury to most foes and up to half again as much damage against particularly
   susceptible opponents.
   Big, fiery blades are also staple armaments of hydra-hunters.
   It affects your strength (+4).
   It protects you from acid and corrosion.
Missiles
 k - 8 atropa-tipped darts
 o - 29 curare-tipped darts (quivered)
 u - 4 throwing nets
Armour
 c - the +1 pair of boots of Honesty (worn) {Fly Str+2}
   (Okawaru gifted it to you on level 4 of the Lair of Beasts)

   It affects your strength (+2).
   It grants you flight.
 v - the +1 cloak of Starlight (worn) {*Dazzle EV+4 Stlth--}
   (You found it on level 6 of the Dungeon)

   It affects your evasion (+4).
   It makes you much less stealthy.
 x - a +2 pair of gloves (worn)
 y - a scarf of invisibility
 L - a scarf of resistance
 P - the +0 mask of the Dragon (worn) {Will+ Slay+3 SInv}
   (You bought it in a shop on level 8 of the Dungeon)

   It affects your accuracy and damage with ranged weapons and melee attacks
   (+3).
   It lets you see invisible.
   It increases your willpower.
 Z - a +0 cloak of willpower
Jewellery
 d - an amulet of reflection (around neck)
 p - a +6 ring of strength
 r - a ring of protection from fire
 A - a ring of ice
 F - an amulet of the acrobat
 J - a ring of poison resistance (right hand)
 U - a +4 ring of protection
 W - a +4 ring of slaying
 Y - a +6 ring of dexterity (left hand)
Wands
 z - a wand of flame (89)
 C - a wand of iceblast (11)
 O - a wand of digging (5)
Scrolls
 h - 2 scrolls of enchant weapon
 m - a scroll of brand weapon
 n - a scroll of blinking
 s - 2 scrolls of fog
 w - 2 scrolls of silence
 D - 4 scrolls of teleportation
 K - 3 scrolls of magic mapping
 M - a scroll of fear
 V - a scroll of amnesia
Potions
 a - 7 potions of curing
 b - a potion of berserk rage
 e - 3 potions of cancellation
 f - 5 potions of might
 g - 5 potions of flight
 i - 3 potions of haste
 j - a potion of invisibility
 l - 3 potions of degeneration
 q - 2 potions of magic
 t - 2 potions of lignification
 E - 2 potions of ambrosia
 N - a potion of resistance
 Q - a potion of brilliance
 S - 3 potions of attraction


   Skills:
 - Level 11.0 Fighting
 + Level 13.6 Long Blades
 - Level 3.0 Polearms
 + Level 9.7 Dodging
 - Level 4.3 Stealth
 - Level 4.0 Spellcasting
 - Level 3.0 Conjurations
 - Level 4.0 Summonings
 - Level 7.0 Ice Magic
 - Level 10.0 Air Magic
 - Level 6.1 Invocations
 - Level 6.0 Evocations


You had 3 spell levels left.
You knew the following spells:

 Your Spells              Type           Power      Damage    Failure   Level
a - Freeze                Ice            100%       1d11      1%          1
b - Frozen Ramparts       Ice            56%        1d7       2%          3
c - Ozocubu's Armour      Ice            28%        N/A       2%          3
d - Hailstorm             Conj/Ice       21%        3d6       19%         4
e - Mephitic Cloud        Conj/Pois/Air  19%        N/A       8%          3
f - Summon Lightning Spi  Summ/Air       28%        N/A       9%          4

Your spell library contained the following spells:

 Spells                   Type           Power      Damage    Failure   Level
 Summon Small Mammal      Summ           72%        N/A       2%          1
 Magic Dart               Conj           56%        1d5       4%          1
 Call Imp                 Summ           18%        N/A       4%          2
 Animate Skeleton         Necr           6%         N/A       14%         1
 Apportation              Tloc           6%         N/A       14%         1
 Corona                   Hex            3%         N/A       14%         1
 Pain                     Necr           12%        1d4       14%         1
 Blink                    Tloc           N/A        N/A       22%         2
 Slow                     Hex            3%         N/A       22%         2
 Conjure Flame            Conj/Fire      9%         6-21      24%         3
 Confusing Touch          Hex            3%         N/A       41%         3
 Gell's Gravitas          Tloc           1%         N/A       41%         3
 Vampiric Draining        Necr           1%         2d6       41%         3
 Silence                  Hex/Air        10%        N/A       45%         5
 Metabolic Englaciation   Hex/Ice        8%         N/A       67%         5
 Animate Dead             Necr           1%         N/A       82%         4
 Petrify                  Tmut/Erth      3%         N/A       82%         4
 Conjure Ball Lightning   Conj/Air       13%        3x3d6     83%         6
 Agony                    Necr           3%         N/A       99%         5
 Yara's Violent Unravell  Hex/Tmut       1%         3d3       99%         5
 Tornado                  Air            19%        N/A       100%        9


Dungeon Overview and Level Annotations

Branches:
Dungeon (11/15)            Temple (1/1) D:5            Lair (6/6) D:9
 Shoals (0/4) Lair:4       Spider (0/4) Lair:4        Slime (0/5) Lair:6
    Orc (2/2) D:10
    Elf: Orc:2

Altars:
Ashenzari
Cheibriados
Dithmenos
Elyvilon
Fedhas
Gozag
Hepliaklqana
Kikubaaqudgha
Makhleb
Nemelex Xobeh
Okawaru
Qazlal
Ru
Sif Muna
Trog
Uskayaw
Vehumet
Wu Jian
Xom
Yredelemnul
Zin
The Shining One
Beogh
Lugonu

Shops:
D:8 ?:[[   Orc:2 [*

Portals:
Abyss: D:8

Annotations:
D:8 2 runed translucent doors


Innate Abilities, Weirdness & Mutations

You can breathe blasts of scalding, opaque steam.
Your pale cyan-grey scales are hard. (AC +8)
You cannot fit into any form of body armour.
You are cold-blooded and may be slowed by cold attacks.
You are immune to the effects of steam.


Message History

A film of ice covers your body!
The two-headed ogre completely misses you.
You riposte.
You slice the two-headed ogre!! You burn the two-headed ogre!
The two-headed ogre is almost dead.
The two-headed ogre hits you with a +0 giant spiked club!!
The orc knight barely misses you.
You are too injured to fight recklessly!
You barely miss the two-headed ogre.
The two-headed ogre is almost dead.
Press: ? - help, Shift-Dir - straight line, f - orc knight
Aim: an orc knight, wielding a +0 great mace and wearing a +0 chain mail You exhale a blast of scalding steam.
The ball of steam hits the orc knight but does no damage.
The orc knight is engulfed in a cloud of scalding steam.
The orc knight hits you with a +0 great mace!!
* * * LOW HITPOINT WARNING * * *
The two-headed ogre misses you.
You riposte.
You slash the two-headed ogre! You burn the two-headed ogre.
You kill the two-headed ogre!
Okawaru accepts your kill.
You slash the orc knight! You burn the orc knight.
The orc knight is moderately wounded.
The orc knight hits you with a +0 great mace.
* * * LOW HITPOINT WARNING * * *
You closely miss the orc knight.
You tail-slap the orc knight, but do no damage.
The orc knight is moderately wounded.
The orc knight closely misses you.
You riposte.
You hit the orc knight but do no damage.
You tail-slap the orc knight.
The orc knight is moderately wounded.
You barely miss the orc knight.
You tail-slap the orc knight, but do no damage.
The orc knight is moderately wounded.
An orc warrior comes into view. It is wielding a +0 battleaxe.
You slash the orc knight! You burn the orc knight.
You tail-slap the orc knight, but do no damage.
The orc knight is heavily wounded.
The orc knight hits you with a +0 great mace!
You die...

##....# .##...## #.
..#....# +.##+#
..##...# #.....
...#...# #§§..#
...##..## #....#
....#...# .§.#
........# ####o#####.#
........####...)@)....#
[........8##.####.....#
[.........'..# ..⌠..#
.........8##.+ .....#
........####.# .......
........# #.# .#####o
........# +.. .#
........# ### .#
........## ### ##+


You could see an orc knight and an orc warrior.

Vanquished Creatures
  Snorg (Lair:5)
  A fire dragon (Lair:6)
  Harold (Lair:2)
  4 hydras
  A centaur warrior (D:11)
  7 two-headed ogres
  Erica (D:10)
  Urug (Lair:2)
  Sonja (D:10)
  A lindwurm (Lair:6)
  3 orc knights (Orc:2)
  An orc sorcerer (Orc:2)
  19 elephants
  8 black mambas
  A merfolk siren (Lair:4)
  11 cane toads
  2 molten gargoyles (Lair:6)
  7 komodo dragons
  3 unseen horrors
  A troll (D:11)
  3 polar bears
  3 merfolk (Lair:4)
  A hornet (D:10)
  17 blink frogs
  Grinder (D:4)
  6 dream sheep (Lair:6)
  3 redbacks (Lair:4)
  5 wyverns
  27 yaks
  2 steam dragons (Lair:6)
  7 basilisks
  A warg (Orc:2)
  Edmund (D:4)
  12 water moccasins
  4 hell hounds (Lair:6)
  25 orc warriors
  2 ice beasts (D:7)
  4 sky beasts
  A black bear (D:8)
  A hornet zombie (D:7)
  7 ogres
  15 wolves
  7 centaurs
  Blork the orc (D:4)
  A kobold brigand (D:9)
  10 bullfrogs
  2 scorpions
  A water moccasin zombie (D:5)
  A wyvern skeleton (D:7)
  A water moccasin skeleton (D:5)
  13 killer bees
  An electric eel (Lair:2)
  4 wights (D:7)
  3 howler monkeys
  2 lava snakes (Lair:6)
  3 centaur zombies
  2 jellies
  A gnoll shaman (D:4)
  3 hounds
  15 orc priests
  A centaur skeleton (D:7)
  Natasha (thrice) (D:2)
  Terence (D:3)
  2 hell rats (Lair:5)
  2 iguanas
  13 orc wizards
  A scorpion zombie (D:5)
  A hound skeleton (D:3)
  A howler monkey zombie (D:5)
  7 adders
  6 gnolls
  11 river rats (Lair:5)
  2 shadow imps
  A white imp (D:3)
  A dart slug (D:2)
  91 orcs
  7 endoplasms
  3 giant cockroaches
  4 goblins
  6 hobgoblins
  6 jackals (D:1)
  13 kobolds
  2 quokkas
  3 ball pythons
  10 rats
492 creatures vanquished.

Vanquished Creatures (collateral kills)
  A komodo dragon (Lair:4)
  3 lava snakes (Lair:6)
4 creatures vanquished.

Vanquished Creatures (others)
  15 fungi
  21 plants
36 creatures vanquished.

Grand Total: 532 creatures vanquished

Notes
Turn   | Place    | Note
-------+----------+-------------------------------------------
     0 | D:1      | DogServant the Draconian Ice Elementalist began the quest
                  | for the Orb.
     0 | D:1      | Reached XP level 1. HP: 14/14 MP: 3/3
   473 | D:1      | Reached XP level 2. HP: 20/20 MP: 5/5
   697 | D:2      | Found a faded altar of an unknown god.
   829 | D:2      | Reached XP level 3. HP: 27/27 MP: 6/6
   957 | D:2      | Noticed Natasha
   966 | D:2      | Killed Natasha
   967 | D:2      | Reached skill level 1 in Fighting
   967 | D:2      | Reached skill level 1 in Polearms
   971 | D:2      | Learned a level 3 spell: Frozen Ramparts
   991 | D:2      | Noticed Natasha
  1002 | D:2      | Killed Natasha
  1003 | D:2      | Reached XP level 4. HP: 33/36 MP: 2/7
  1062 | D:2      | Noticed Natasha
  1083 | D:2      | Killed Natasha
  1084 | D:2      | Reached skill level 5 in Ice Magic
  1484 | D:3      | Reached XP level 5. HP: 37/41 MP: 6/8
  1716 | D:3      | Noticed Terence
  1732 | D:3      | Killed Terence
  2088 | D:3      | Found an ornate altar of the Wu Jian Council.
  2104 | D:3      | Learned a level 3 spell: Ozocubu's Armour
  2613 | D:4      | Noticed Grinder
  2647 | D:4      | Reached XP level 6. HP: 37/48 MP: 0/10
  2785 | D:4      | Noticed Edmund
  2804 | D:4      | Killed Edmund
  2805 | D:4      | Reached skill level 2 in Long Blades
  2994 | D:4      | Your scales start taking on a pale cyan-grey colour.
  2994 | D:4      | Reached XP level 7. HP: 46/55 MP: 0/11
  2994 | D:4      | Gained mutation: You are immune to the effects of steam.
                  | [Pale Draconian growth]
  3304 | D:4      | Noticed Blork the orc
  3311 | D:4      | Killed Blork the orc
  3312 | D:4      | Reached skill level 3 in Long Blades
  4016 | D:5      | Entered Level 5 of the Dungeon
  4638 | D:5      | Found a staircase to the Ecumenical Temple.
  4724 | Temple   | Entered the Ecumenical Temple
  4804 | Temple   | Became a worshipper of Warmaster Okawaru
  5192 | D:5      | Reached XP level 8. HP: 15/63 MP: 11/13
  5695 | D:6      | Reached skill level 5 in Dodging
  5983 | D:6      | You fall into a shaft and drop 3 floors!
  5986 | D:9      | Noticed a two-headed ogre
  6062 | D:9      | Learned a level 4 spell: Hailstorm
  6217 | D:8      | Found Bataf's Antique Armour Boutique.
  6286 | D:8      | Found Evvanoa's Armour Shop.
  6312 | D:8      | Found Eskageh's Book Boutique.
  6415 | D:8      | Reached skill level 1 in Conjurations
  6423 | D:8      | Reached skill level 1 in Evocations
  6458 | D:8      | Reached * piety under Okawaru
  6649 | D:8      | Reached skill level 5 in Fighting
  6785 | D:8      | Found Zixty's Magic Scroll Shoppe.
  6864 | D:8      | Learned a level 3 spell: Mephitic Cloud
  7079 | D:7      | Reached XP level 9. HP: 70/74 MP: 11/15
  7256 | D:7      | Reached skill level 1 in Air Magic
  7764 | D:7      | Reached skill level 1 in Invocations
  7774 | D:7      | Reached skill level 5 in Evocations
  8261 | D:7      | Reached ** piety under Okawaru
  8546 | D:6      | Found the +1 cloak of Starlight {*Dazzle EV+4 Stlth--}
  9265 | D:4      | Killed Grinder
  9266 | D:4      | Reached skill level 4 in Long Blades
  9349 | D:8      | Found a large runed translucent door.
  9350 | D:8      | Found a large runed translucent door.
  9465 | D:8      | Noticed a cyan ugly thing
  9654 | D:8      | Found a one-way gate to the infinite horrors of the Abyss.
  9655 | D:8      | Identified the +1 robe of Nyig Ekoll {rC- Str+5 Int+9}
  9655 | D:8      | Noticed a kobold demonologist
  9704 | D:8      | Found a corrupted altar of Lugonu.
  9851 | D:9      | Reached skill level 5 in Long Blades
  9862 | D:9      | Reached skill level 6 in Long Blades
  9978 | D:9      | Reached XP level 10. HP: 76/81 MP: 16/16
 10038 | D:9      | Reached *** piety under Okawaru
 10049 | D:9      | Reached skill level 7 in Long Blades
 10091 | D:9      | Found a staircase to the Lair.
 10308 | D:9      | Killed a two-headed ogre
 10470 | D:10     | Entered Level 10 of the Dungeon
 10479 | D:10     | Noticed a two-headed ogre
 10492 | D:10     | Killed a two-headed ogre
 10616 | D:10     | Found a staircase to the Orcish Mines.
 10701 | D:10     | Noticed Erica
 10709 | D:10     | Killed Erica
 10709 | D:10     | Reached **** piety under Okawaru
 10710 | D:10     | Reached skill level 8 in Long Blades
 10747 | D:10     | Noticed a two-headed ogre
 10754 | D:10     | Killed a two-headed ogre
 10809 | D:10     | Noticed Sonja
 10811 | D:10     | Killed Sonja
 10958 | D:10     | Reached XP level 11. HP: 87/92 MP: 13/17
 11264 | D:10     | Reached ***** piety under Okawaru
 11947 | D:11     | Reached skill level 9 in Long Blades
 12714 | D:11     | Noticed a centaur warrior
 12725 | D:11     | Killed a centaur warrior
 12727 | D:11     | Received a gift from Okawaru
 13784 | D:9      | Noticed a two-headed ogre
 13799 | D:9      | Killed a two-headed ogre
 14041 | Lair:1   | Entered Level 1 of the Lair of Beasts
 14076 | Lair:1   | Reached skill level 10 in Long Blades
 14409 | Lair:1   | Identified the +5 war axe of Gluttony {speed, rC+ rN+
                  | Stlth-}
 14458 | Lair:1   | Reached XP level 12. HP: 85/104 MP: 14/18
 15183 | Lair:2   | Reached skill level 11 in Long Blades
 15418 | Lair:2   | Reached skill level 10 in Fighting
 15701 | Lair:2   | Noticed Urug
 15713 | Lair:2   | Killed Urug
 15816 | Lair:2   | Noticed Harold
 15829 | Lair:2   | Killed Harold
 16302 | Lair:3   | Identified the +4 great sword of Summer {flame, rCorr
                  | Str+4} (Okawaru gifted it to you on level 3 of the Lair of
                  | Beasts)
 16302 | Lair:3   | Received a gift from Okawaru
 16303 | Lair:3   | Reached skill level 12 in Long Blades
 16418 | Lair:3   | Learned a level 4 spell: Summon Lightning Spire
 16443 | Lair:3   | Noticed a six-headed hydra
 16459 | Lair:3   | Killed a four-headed hydra
 16460 | Lair:3   | Reached skill level 1 in Summonings
 17067 | Lair:4   | Noticed a six-headed hydra
 17079 | Lair:4   | Killed a three-headed hydra
 17532 | Lair:4   | Found a staircase to the Shoals.
 17538 | Lair:4   | Reached skill level 5 in Air Magic
 17552 | Lair:4   | Reached ****** piety under Okawaru
 17756 | Lair:4   | Identified the +1 pair of boots of Honesty {Fly Str+2}
                  | (Okawaru gifted it to you on level 4 of the Lair of Beasts)
 17756 | Lair:4   | Received a gift from Okawaru
 18151 | Lair:4   | Found a hole to the Spider Nest.
 18173 | Lair:4   | Reached XP level 13. HP: 113/113 MP: 14/19
 19044 | Lair:5   | Reached skill level 5 in Invocations
 19377 | Lair:5   | Noticed Snorg
 19396 | Lair:5   | Killed Snorg
 20466 | Lair:6   | Entered Level 6 of the Lair of Beasts
 20585 | Lair:6   | Received a gift from Okawaru
 20837 | D:8      | Bought the +0 mask of the Dragon {Will+ Slay+3 SInv} for
                  | 835 gold pieces
 20837 | D:8      | Found the +0 mask of the Dragon {Will+ Slay+3 SInv}
 21431 | Lair:6   | Reached skill level 13 in Long Blades
 22101 | Lair:6   | Noticed a fire dragon
 22123 | Lair:6   | Found a large runed translucent door.
 22123 | Lair:6   | Found a large runed translucent door.
 22192 | Lair:6   | Identified the -3 pair of boots "Juuz" {Will+}
 22830 | Lair:6   | Received a gift from Okawaru
 22831 | Lair:6   | Reached XP level 14. HP: 104/124 MP: 14/20
 22837 | Lair:6   | Reached skill level 10 in Air Magic
 23083 | Lair:6   | Found a staircase to the Slime Pits.
 23942 | Orc:1    | Entered Level 1 of the Orcish Mines
 24076 | Orc:2    | Entered Level 2 of the Orcish Mines
 25064 | Orc:2    | Found Minoifik's Antique Armour Boutique.
 25158 | Orc:2    | Found Xatiyl's General Store.
 25577 | Orc:2    | Slain by an orc knight

Illustrated notes

Levels and vault maps discovered:
D:1:      saegor_arrival_simple_d, layout_rooms
D:2:      layout_rooms, ebering_ecumenical_altar_abandoned, uniq_natasha
D:3:      layout_basic, nicolae_overflow_crystal_walls,
          kennysheep_generic_room_15, uniq_terence
D:4:      layout_layer_cave, serial_bayou, serial_bayou_pond_e,
          serial_bayou_shore_b, serial_bayou_pond_b, serial_bayou_pond_d,
          fountainhead, hangedman_decor_growths, uniq_grinder,
          uniq_blork_the_orc, uniq_edmund
D:5:      layout_cave_pods, minmay_temple_entry_glassed_door
D:6:      layout_basic
D:7:      layout_basic
D:8:      due_chaos_kobolds, layout_loops_corners, serial_shops,
          nicolae_shop_crystal, nicolae_shop_temple_entry_statues_fountains,
          shop, shop, grunt_ministairs_8, minivault_19
D:9:      layout_big_octagon, david_lair_generic
D:10:     layout_loops_ring, hiddenorc2_lemuel,
          hangedman_abyss_or_decor_stagger, serial_bayou_pond_c, uniq_erica,
          uniq_sonja
D:11:     layout_loops_corners, special_room [special_room_orc],
          kennysheep_cross_room
Temple:   grunt_wide_crystal_templ
Lair:1:   layout_chaotic_city, minmay_stone_trees_medium
Lair:2:   statuecave_lemuel, layout_loops_ring, minivault_25, wad_woods_road_04,
          uniq_harold, uniq_urug
Lair:3:   layout_gridlike, chequers_serial_rivers_micro_d,
          cheibrodos_lair_caveside_slide
Lair:4:   layout_layer_cave, elwin_shoals_entry_stream, spider_nest_entry_webs
Lair:5:   layout_cave_pods, kennysheep_rathole, uniq_snorg
Lair:6:   cheibrodos_lair_end_hotspot, layout_cave_pods, slime_dummy
Orc:1:    layout_caves, basic_altar, kennysheep_orc_sif_temple
Orc:2:    pubby_orc_utopia

Skill      XL: |  1  2  3  4  5  6  7  8  9 10 11 12 13 14 |
---------------+-------------------------------------------+-----
Dodging        | 2 3 4 5 6 8 9 |  9.7
Stealth        | 2 3 4 |  4.3
Fighting       | 1 2 3 5 7 9 10 11 | 11.0
Polearms       | 1 2 3 |  3.0
Ice Magic      | 5 6 7 |  7.0
Spellcasting   | 3 4 |  4.0
Long Blades    | 2 3 6 8 10 12 13 | 13.6
Conjurations   | 2 3 |  3.0
Evocations     | 4 6 |  6.0
Air Magic      | 3 5 9 10 | 10.0
Invocations    | 2 3 6 |  6.1
Summonings     | 4 |  4.0

Action                   |  1- 3 |  4- 6 |  7- 9 | 10-12 | 13-15 || total
-------------------------+-------+-------+-------+-------+-------++-------
Melee: Unarmed           |    18 |       |       |       |       ||    18
       Tailslap          |     4 |    16 |    24 |    53 |    95 ||   192
       Spear             |    26 |   130 |    50 |       |       ||   206
       Trident           |       |       |    71 |       |       ||    71
       Long sword        |       |       |    41 |    79 |       ||   120
       Scimitar          |       |       |       |   246 |   511 ||   757
       Punch             |       |       |       |     1 |     1 ||     2
Throw: Javelin           |       |       |     6 |       |       ||     6
       Dart              |       |       |       |     2 |       ||     2
 Cast: Freeze            |    27 |     3 |     1 |       |       ||    31
       Frozen Ramparts   |     1 |    11 |    21 |    41 |    17 ||    91
       Ozocubu's Armour  |       |     3 |    13 |    22 |    23 ||    61
       Mephitic Cloud    |       |       |       |     1 |       ||     1
       Summon Lightning  |       |       |       |     1 |    12 ||    13
       Hailstorm         |       |       |       |       |     1 ||     1
Invok: Heroism           |       |       |       |     3 |     3 ||     6
 Abil: Breathe Steam     |       |       |    55 |    49 |    21 ||   125
Evoke: Wand              |       |       |       |     1 |       ||     1
  Use: Scroll            |     1 |       |     9 |    12 |    10 ||    32
       Potion            |       |       |     1 |     3 |     2 ||     6
 Stab: Sleeping          |     2 |     2 |     2 |       |       ||     6
       Distracted        |       |       |     1 |       |       ||     1
       Invisible         |       |       |       |    11 |    38 ||    49
Armor: Skin              |    17 |    49 |    58 |    80 |    82 ||   286
Dodge: Dodged            |    50 |    74 |   115 |   247 |   415 ||   901
Block: Other             |       |       |    28 |    82 |    97 ||   207
       Reflection        |       |       |     2 |     3 |     2 ||     7
       Rpst.: Long sword |       |       |    11 |     9 |       ||    20
       Scimitar          |       |       |       |    54 |   116 ||   170

Table legend: (Time is in decaauts)
 A = Elapsed time spent in this place.
 B = Non-inter-level travel time spent in this place.
 C = Inter-level travel time spent in this place.
 D = Time resting spent in this place.
 E = Time spent auto-exploring this place.
 F = Levels seen in this place.
 G = Mean time per level.
                   A        B        C        D        E       F      G
               +--------+--------+--------+--------+--------+-----+--------+
         Total |  25486 |  23734 |   1752 |   2683 |  18031 |  20 | 1274.3 |
       Dungeon |  14313 |  13343 |    970 |   1595 |  10033 |  11 | 1301.2 |
        Temple |     89 |     80 |      9 |      0 |     55 |   1 |   89.0 |
          Lair |   9785 |   9092 |    693 |    807 |   7219 |   6 | 1630.8 |
  Orcish Mines |   1297 |   1217 |     80 |    281 |    722 |   2 |  648.5 |
               +--------+--------+--------+--------+--------+-----+--------+

Top non-repeatable levels by time:
  Lair:6: 2926 daAuts
    D:11: 2022 daAuts
  Lair:4: 1937 daAuts
     D:4: 1863 daAuts
     D:7: 1684 daAuts
  Lair:5: 1548 daAuts
  Lair:2: 1471 daAuts
    D:10: 1380 daAuts
     D:8: 1324 daAuts
     D:5: 1182 daAuts
     D:9: 1159 daAuts
   Orc:2: 1157 daAuts
     D:6: 1078 daAuts
  Lair:1: 1000 daAuts
     D:3: 919 daAuts
